Map: Lost and Found LE

Players

kauP

  • Race: Terran Terran
  • Spawn Location: 7:00

Light - Winner!

  • Race: Protoss Protoss
  • Spawn Location: 1:00

Event: WCS Valencia 2018

VOD

Have the link to the VOD?

Description

Time

  • Played on: July 12, 2018, 6:52 a.m.
  • Length: 15:48

All games in this series

Show
View Real Time Build Order
Export as new Build Order

kauP Terran 

Build Orders: Reaper Expand, MMM Bio 

Get SALT Encoding   

  12  0:00  SCV  
  13  0:13  SCV  
  14  0:17  Supply Depot  
  14  0:25  SCV  
  15  0:38  SCV  
  15  0:40  Barracks  
  16  0:44  Refinery  
  16  0:50  SCV  
  17  1:02  SCV  
  18  1:16  SCV  
  19  1:30  Reaper  
  19  1:31  Orbital Command  
  20  1:45  Command Center  
  20  1:51  Barracks  
  20  1:58  SCV  
  21  2:05  Barracks Reactor  
  21  2:10  SCV  
  21  2:14  Supply Depot  
  22  2:18  Barracks  
  22  2:23  SCV  
  23  2:35  SCV  
  24  2:40  Barracks Tech Lab  
  24  2:42  Marine x2  
  26  2:47  SCV  
  27  2:58  Stimpack, Marine  
  27  2:59  Orbital Command  
  27  3:00  SCV, Marine x2  
  31  3:07  Marine, Engineering Bay  
  31  3:12  Refinery  
  32  3:14  SCV  
  32  3:16  Marine  
  34  3:20  Marine  
  34  3:26  Marine  
  37  3:31  Barracks Tech Lab  
  37  3:33  SCV x2  
  37  3:35  Marine  
  37  3:38  Marine  
  37  3:39  Terran Infantry Weapons Level 1  
  39  3:44  Supply Depot  
  39  3:49  Combat Shields  
  39  3:53  SCV x2  
  39  3:55  Marine  
  41  3:56  Marine  
  41  3:59  Marauder  
  41  4:02  Marine  
  46  4:06  SCV  
  46  4:08  Supply Depot  
  47  4:11  SCV  
  47  4:15  Marine x2  
  50  4:18  SCV  
  50  4:20  Marauder  
  53  4:25  Supply Depot  
  53  4:26  SCV  
  53  4:30  Marauder  
  56  4:34  SCV  
  56  4:36  Factory  
  56  4:38  SCV, Refinery  
  58  4:46  SCV  
  58  4:49  Supply Depot  
  58  4:50  SCV  
  60  4:57  Marine x3  
  62  5:01  SCV  
  62  5:02  Barracks  
  62  5:03  Barracks  
  62  5:06  Concussive Shells  
  63  5:09  SCV  
  63  5:13  SCV  
  64  5:17  Marine x3  
  67  5:32  Marauder  
  67  5:35  Marine x2, Marauder  
  69  5:37  SCV  
  60  5:44  Factory Reactor  
  60  5:47  Starport, Ghost Academy  
  60  5:48  SCV  
  60  5:49  SCV  
  61  5:51  Barracks Tech Lab  
  61  5:52  Barracks Reactor  
  61  5:53  Terran Infantry Armor Level 1  
  57  6:01  SCV, Marine, Marauder x2  
  57  6:03  Marine  
  64  6:09  SCV  
  65  6:12  Refinery  
  65  6:13  SCV  
  66  6:23  Ghost  
  66  6:24  Ghost  
  66  6:25  Marine x3  
  73  6:28  Factory Reactor, Supply Depot  
  73  6:34  Medivac  
  73  6:36  Marine x2  
  77  6:42  Marine  
  77  6:44  Marine  
  77  6:46  Medivac  
  77  6:50  SCV  
  71  6:57  Command Center  
  71  7:00  Supply Depot  
  70  7:01  Ghost  
  70  7:02  Ghost, Marine  
  70  7:07  Marine x3  
  78  7:14  Widow Mine x2  
  82  7:17  Supply Depot  
  82  7:19  Ghost  
  82  7:20  Supply Depot  
  84  7:32  Missile Turret  
  84  7:33  Ghost  
  84  7:34  Marine x5  
  91  7:47  Widow Mine x2, Medivac  
  91  7:48  Marine  
  98  8:06  Marine x2  
  98  8:07  Marine x5  
  98  8:08  Widow Mine x2, Armory, Orbital Command, Engineering Bay  
  109  8:17  SCV x2  
  110  8:23  Medivac  
  110  8:24  Medivac, Marine  
  115  8:27  Marine  
  115  8:28  Marine x2  
  115  8:29  Orbital Command  
  115  8:31  Marauder x2  
  122  8:37  SCV x2  
  122  8:39  Supply Depot  
  123  8:41  Widow Mine  
  123  8:44  Widow Mine  
  123  9:00  Marine x3, Marauder  
  123  9:01  Marauder x2  
  132  9:06  Liberator  
  132  9:11  Supply Depot  
  132  9:13  Supply Depot  
  132  9:15  Liberator  
  132  9:21  Marauder  
  132  9:23  Widow Mine x2  
  141  9:29  Terran Infantry Weapons Level 2  
  141  9:33  SCV x2  
  142  9:45  Refinery  
  136  9:46  SCV x2, Refinery  
  136  9:47  Starport  
  136  9:51  Terran Infantry Armor Level 2  
  136  9:56  Marine x3  
  136  9:58  Marine x3  
  136  9:59  Marine  
  143  10:04  Liberator x2  
  143  10:14  Marine  
  141  10:25  Liberator, Starport Tech Lab  
  141  10:28  Starport  
  137  10:32  SCV x3  
  137  10:34  Marine x5  
  145  10:42  Missile Turret  
  148  10:44  Marine x2  
  148  10:45  Sensor Tower  
  148  10:47  Liberator  
  148  10:48  Supply Depot  
  148  10:49  Supply Depot  
  150  10:52  Liberator, Marine  
  150  10:53  Liberator  
  150  10:56  SCV x2  
  150  11:20  Command Center  
  150  11:23  Liberator  
  146  11:30  Liberator  
  143  11:34  Command Center  
  143  11:37  Liberator  
  143  11:38  Liberator  
  144  11:48  SCV x3  
  146  12:06  Liberator  
  134  12:12  Liberator  
  112  12:20  Liberator  
  112  12:22  Marine x2  
  111  12:23  Marine x5  
  120  12:35  Orbital Command  
  123  12:40  Marine x3  
  129  12:47  Orbital Command  
  129  12:50  Liberator  
  125  12:51  Orbital Command  
  125  12:54  Sensor Tower  
  125  12:58  Terran Infantry Weapons Level 3  
  125  13:06  Liberator  
  126  13:13  Orbital Command  
  126  13:14  SCV x2  
  126  13:20  Liberator  
  126  13:22  Orbital Command  
  126  13:26  SCV  
  126  13:29  Liberator  
  121  13:52  Liberator x2  
  127  14:30  Fusion Core  
  115  14:33  Liberator  
  115  14:34  Liberator  
  115  14:35  Liberator  
  107  14:40  SCV x3  
  108  14:47  Command Center  
  108  14:52  SCV x2  
  83  15:11  Marine x4  
  83  15:12  Marine  
  91  15:15  SCV x2  
Show
View Real Time Build Order
Export as new Build Order

Light Protoss - Winner!

Build Orders: 1 Gate Expand, Phoenix Opening 

Get SALT Encoding   

  12  0:00  Probe  
  13  0:12  Probe  
  14  0:17  Pylon  
  14  0:24  Probe  
  15  0:32  Probe  
  15  0:37  Gateway  
  15  0:40  Probe  
  16  0:47  Assimilator  
  17  0:51  Probe  
  18  1:03  Probe  
  19  1:15  Probe  
  20  1:24  Nexus  
  20  1:28  Probe  
  21  1:39  Cybernetics Core  
  21  1:42  Probe  
  22  1:48  Pylon  
  22  1:53  Assimilator  
  22  1:55  Probe  
  23  2:03  Probe  
  23  2:06  Adept  
  24  2:11  Probe  
  27  2:19  Stargate  
  27  2:22  Probe  
  27  2:26  Warp Gate, Adept  
  30  2:39  Probe x2  
  32  2:49  Adept  
  32  2:51  Probe x2  
  34  2:56  Phoenix  
  36  3:03  Probe  
  36  3:05  Probe  
  40  3:15  Probe  
  40  3:16  Adept  
  40  3:18  Probe, Phoenix  
  45  3:31  Probe  
  46  3:34  Pylon  
  46  3:40  Gateway  
  46  3:42  Gateway  
  46  3:49  Probe  
  46  3:50  Phoenix  
  46  3:52  Probe  
  50  4:00  Probe  
  50  4:01  Pylon  
  50  4:03  Assimilator  
  50  4:06  Probe  
  52  4:12  Twilight Council, Probe  
  52  4:13  Phoenix  
  53  4:18  Probe  
  56  4:25  Probe  
  56  4:30  Probe  
  58  4:36  Gateway  
  58  4:38  Pylon  
  58  4:39  Gateway, Charge  
  58  4:42  Adept x2  
  62  4:57  Adept  
  64  5:02  Gateway  
  64  5:04  Adept x2, Pylon  
  68  5:17  Nexus  
  68  5:20  Pylon  
  68  5:23  Phoenix  
  66  5:41  Adept x3  
  60  5:44  Probe x2  
  60  5:47  Phoenix  
  60  5:58  Probe  
  60  5:59  Probe  
  60  6:04  Phoenix  
  62  6:05  Zealot x3  
  62  6:08  Pylon  
  62  6:10  Probe  
  69  6:11  Probe  
  69  6:12  Zealot x2  
  69  6:16  Zealot  
  78  6:22  Forge  
  78  6:23  Pylon  
  80  6:30  Zealot  
  80  6:32  Zealot x2  
  83  6:39  Zealot x2  
  87  6:40  Zealot  
  87  6:45  Protoss Ground Armor Level 1  
  87  6:46  Blink  
  87  6:54  Probe x3  
  89  7:00  Phoenix  
  92  7:06  Probe x2  
  94  7:10  Probe  
  94  7:11  Robotics Facility  
  95  7:18  Probe  
  95  7:21  Zealot  
  95  7:22  Stalker  
  100  7:23  Probe x2  
  100  7:24  Assimilator  
  100  7:25  Phoenix  
  100  7:27  Assimilator  
  104  7:30  Probe  
  104  7:35  Probe  
  106  7:39  Zealot x4  
  110  7:49  Zealot x2  
  110  7:55  Pylon  
  110  7:57  Pylon  
  110  8:02  Zealot x3  
  116  8:10  Pylon  
  116  8:12  Pylon  
  116  8:19  Robotics Bay  
  115  8:28  Robotics Facility  
  115  8:30  Stalker x3  
  115  8:31  Stalker x2  
  125  8:37  Zealot  
  121  8:54  Gateway  
  121  8:55  Gateway, Disruptor, Stalker x5  
  129  8:57  Gateway  
  131  9:08  Disruptor  
  134  9:22  Zealot x2  
  134  9:23  Zealot x4  
  149  9:26  Pylon  
  149  9:28  Pylon  
  149  9:30  Assimilator  
  146  9:42  Disruptor  
  146  9:44  Disruptor  
  142  9:50  Stalker x3  
  142  9:51  Stalker  
  150  9:58  Pylon  
  150  10:00  Pylon  
  150  10:03  Pylon  
  150  10:04  Pylon  
  150  10:26  Disruptor  
  150  10:27  Disruptor  
  148  10:29  Stalker x8  
  170  10:45  Forge x2  
  170  11:09  Nexus  
  166  11:11  Zealot  
  166  11:12  Protoss Ground Weapons Level 1, Zealot x3  
  166  11:14  Stalker  
  166  11:16  Protoss Ground Armor Level 2  
  176  11:28  Zealot x2  
  176  11:29  Zealot x2  
  180  11:44  Probe x2  
  180  11:46  Pylon  
  182  11:49  Pylon  
  182  11:51  Disruptor  
  146  12:17  Disruptor  
  146  12:19  Zealot x5  
  146  12:20  Zealot x2  
  146  12:22  Probe  
  164  12:35  Extended Thermal Lance  
  162  12:40  Stalker x3  
  162  12:41  Probe  
  169  12:55  Stalker x4  
  174  13:06  Stalker x3  
  180  13:18  Stalker x3  
  180  13:19  Protoss Ground Weapons Level 2  
  186  13:35  Disruptor  
  186  13:36  Disruptor  
  188  13:41  Stalker x2  
  188  13:43  Probe x2  
  194  14:04  Stalker x3  
  176  14:37  Stalker x8  
  176  14:38  Stalker  
  194  14:49  Stargate  
  153  15:10  Stalker x9  
  169  15:19  Nexus  
  169  15:24  Pylon  
Tags
 
Add a new tag
Caveats
  • Supply blocks, unpowered buildings, or Contaminate may cause inaccurate times.
  • Supply counts are checked every 10 seconds.